 Dungeon Crawl Stone Soup version 0.31-a0-192-ga50d7bf3bb (webtiles) character file.

Game seed: 12786744164700720432

25749 GordonOverkill the Skirmisher (level 12, -5/83 HPs)
             Began as a Mummy Hexslinger on June 24, 2023.
             Was an Initiate of Gozag.
             Slain by a cane toad (13 damage)
             ... on level 2 of the Lair of Beasts.
             The game lasted 01:04:57 (22225 turns).

GordonOverkill the Skirmisher (Mummy Hexslinger)   Turns: 22225, Time: 01:04:58

Health: -5/83      AC: 17    Str: 12    XL:     12   Next: 92%
Magic:  22/24      EV: 13    Int: 14    God:    Gozag
Gold:   865        SH:  0    Dex: 17    Spells: 12/27 levels left

rFire   . . .        F - +4 arbalest (heavy)
rCold   + . .        (shield currently unavailable)
rNeg    + + +        w - +3 leather armour of Quuhyog {Fly Slay+3}
rPois   ∞            z - +1 helmet
rElec   .            g - +0 cloak
rCorr   .            e - +0 pair of gloves
SInv    .            r - +2 pair of boots
Will    +....        (no amulet)
Stlth   +            D - +4 ring of protection
HPRegen 0.33/turn    s - ring of protection from fire
MPRegen 0.19/turn

%: faith
@: flying
A: cold resistance 1, negative energy resistance 3, torment resistance 2, heat
vulnerability 1, in touch with death 1, no potions, faith
a: Renounce Religion, Potion Petition, Call Merchant, Bribe Branch


You were on level 2 of the Lair of Beasts.
You worshipped Gozag.
Gozag was pleased with you.
You visited 3 branches of the dungeon, and saw 14 of its levels.
You also visited: Bailey and Gauntlet.

You collected 3175 gold pieces.
You paid 2310 gold pieces to Gozag.

Inventory:

Hand Weapons
 a - a +3 sling of electrocution
 b - a +2 dagger of speed
 F - a +4 heavy arbalest (weapon)
Armour
 d - a scarf of repulsion
 e - a +0 pair of gloves (worn)
 g - a +0 cloak (worn)
 r - a +2 pair of boots (worn)
 t - +0 steam dragon scales
 w - the +3 leather armour of Quuhyog (worn) {Fly Slay+3}
   (You found it in a Gauntlet)

   Slay:      It affects your accuracy & damage with ranged weapons and melee
   (+3).
   Fly:       It grants you flight.
 y - a +0 kite shield
 z - a +1 helmet (worn)
 E - a +1 robe of fire resistance
 I - a +2 ring mail of fire resistance
Jewellery
 l - a ring of resist corrosion
 m - a ring of protection from cold
 s - a ring of protection from fire (right hand)
 D - a +4 ring of protection (left hand)
Wands
 B - a wand of flame (24)
 H - a wand of digging (6)
 K - a wand of polymorph (3)
Scrolls
 f - a scroll of amnesia
 h - a scroll of vulnerability
 i - 2 scrolls of fog
 j - 4 scrolls of poison
 k - a scroll of revelation
 n - a scroll of silence
 o - 2 scrolls of identify
 p - 2 scrolls of teleportation
Miscellaneous
 c - a phantom mirror (inert)
 q - a phial of floods (inert)
 v - a box of beasts (inert)


   Skills:
 - Level 4.0 Fighting
 + Level 12.2 Ranged Weapons
 + Level 2.4 Armour
 - Level 4.0 Dodging
 - Level 8.0 Spellcasting
 - Level 5.0 Hexes
 * Level 8.4 Necromancy
 - Level 5.0 Translocations
 + Level 6.0 Earth Magic
 - Level 3.0 Evocations


You had 12 spell levels left.
You knew the following spells:

 Your Spells              Type           Power      Damage    Failure   Level
a - Slow                  Hex            76%        N/A       1%          1
b - Portal Projectile     Hex/Tloc       38%        N/A       6%          3
c - Cause Fear            Hex            9%         N/A       21%         4
d - Blink                 Tloc           38%        N/A       3%          2
e - Borgnjor's Vile Clut  Necr/Erth      19%        N/A       24%         5

Your spell library contained the following spells:

 Spells                   Type           Power      Damage    Failure   Level
 Lesser Beckoning         Tloc           38%        N/A       3%          2
 Gell's Gravitas          Tloc           19%        N/A       6%          3
 Teleport Other           Tloc           19%        N/A       6%          3
 Momentum Strike          Conj/Tloc      24%        3d8       9%          2
 Inner Flame              Hex/Fire       12%        N/A       17%         3
 Leda's Liquefaction      Hex/Erth       10%        N/A       17%         4
 Manifold Assault         Tloc           19%        N/A       21%         4
 Scorch                   Fire           10%        2d5       24%         2
 Call Canine Familiar     Summ           5%         N/A       43%         3
 Death Channel            Necr           21%        N/A       61%         6
 Flame Wave               Conj/Fire      5%         2d5       85%         4
 Alistair's Intoxication  Tmut/Pois      3%         N/A       99%         5
 Eringya's Noxious Bog    Tmut/Pois      2%         N/A       100%        6
 Summon Cactus Giant      Summ           2%         N/A       100%        6
 Animate Dead             Necr           Unusable   N/A       N/A         4
 Storm Form               Tmut/Air       Unusable   N/A       N/A         7

Dungeon Overview and Level Annotations

Branches:
Dungeon (11/15)            Temple (0/1) D:7            Lair (2/5) D:8
  Snake (0/4) Lair:2          Orc (1/2) D:10         Bailey (visited)
Gauntlet (visited)
  Swamp: Lair:2-3    Shoals: Lair:2-3

Altars:
Gozag
Nemelex Xobeh
Sif Muna
Trog
Wu Jian
Xom

Shops:
D:2 *!=:


Innate Abilities, Weirdness & Mutations

You are immune to poison.
Your flesh is cold resistant. (rC+)
You are immune to negative energy. (rN+++)
You are immune to unholy pain and torment.
You are vulnerable to heat. (rF-)
You are in touch with the powers of death.
You do not drink.
You have a special connection with the divine. (Faith)


Message History

You open the lid... ...and a larval oxshock beast leaps out!
The box is emptied!
The cane toad stings you but does no damage.
The cane toad stings you!
* * * LOW HITPOINT WARNING * * *
Your larval oxshock beast bursts into living lightning!
The living lightning hits the cane toad!
Your larval oxshock beast blinks!
Something stings your larval oxshock beast but does no damage.
The cane toad stings your larval oxshock beast but does no damage.
Your larval oxshock beast bursts into living lightning!
The living lightning hits the cane toad!
Your larval oxshock beast blinks!
The cane toad stings your larval oxshock beast!
The cane toad stings your larval oxshock beast!
Your larval oxshock beast dies!
Your larval oxshock beast's corpse disappears in a puff of smoke!
Fire: F) +4 arbalest (heavy)
Press: ? - help, Q - select action, (/) - cycle Shift-Dir - straight line, f - cane toad
Aim: a cane toad (severely wounded, 73% to hit)
You shoot a bolt. The bolt closely misses the cane toad.
You feel yourself speed up.
The cane toad stings you but does no damage. x2
Fire: F) +4 arbalest (heavy)
Press: ? - help, Q - select action, (/) - cycle Shift-Dir - straight line, f/p - cane toad
Aim: a cane toad (severely wounded, 73% to hit)
You shoot a bolt. The bolt barely misses the cane toad.
The cane toad misses you. The cane toad stings you!
* * * LOW HITPOINT WARNING * * *
You can't drink.
Unknown command.
Aim the phial where?
Press: ? - help, Shift-Dir - straight line, f/p - cane toad
Aim: a cane toad (severely wounded)
The torrent of water hits the cane toad.
The cane toad is almost dead.
The wave splashes down.
The cane toad stings you!
You die...
Your body crumbles into a pile of gold.

### ### ## #.####P## ####. .#
##......# ####.##. ....
##......## #.......
$....###.......P# #.......
....'$$.#.......# #.......
....##..>.......######.......
......###.~.~...##.#..'......
....##...~F@........##......
....# ###...~..#####.P#......
#.#. #......P# ####.##.## # #
##....##### ##...# ###
#....##..# #..###
##.###.......### ##.####
##.#.##.......'.###.+...##
#P..!.........#..##.....#.
##.P######....###....~.~.~


You could see a cane toad.

Vanquished Creatures
  Gastronok (Lair:2)
  A minotaur (Gauntlet)
  2 two-headed ogres
  An orc knight (Bailey)
  A deep elf pyromancer (Bailey)
  2 cyclopes
  2 manticores
  4 elephants (Lair:1)
  4 black mambas
  Joseph (D:9)
  2 cane toads (Lair:1)
  A smoke demon (Gauntlet)
  A rime drake (Lair:1)
  A gargoyle (D:7)
  Maggie (Lair:1)
  3 komodo dragons
  4 trolls
  8 blink frogs
  Prince Ribbit (Lair:2)
  A ynoxinul (Gauntlet)
  A vampire (D:11)
  A wyvern (D:8)
  14 yaks
  2 basilisks
  A shadow (D:10)
  A steam dragon (D:8)
  Grum (D:8)
  Menkaure (D:7)
  2 wargs (D:6)
  7 water moccasins
  8 ogres
  15 orc warriors
  2 ice beasts
  3 sky beasts
  A boggart (Gauntlet)
  11 wolves
  A black bear (D:7)
  5 centaurs
  6 kobold brigands
  9 bullfrogs
  4 gnoll sergeants (D:6)
  4 scorpions
  4 killer bees (D:9)
  5 electric eels
  12 howler monkeys
  3 jellies
  10 hounds
  4 iron imps
  2 gnoll boudas
  13 orc priests
  5 iguanas
  14 orc wizards
  2 sleepcaps
  9 adders
  12 gnolls
  3 white imps
  An ufetubus (D:5)
  3 worms
  5 dart slugs
  60 orcs
  8 ball pythons
  5 endoplasms
  5 giant cockroaches
  7 goblins
  7 hobgoblins
  3 jackals (D:1)
  21 kobolds
  3 quokkas
  6 bats
  4 frilled lizards
  2 goblin skeletons (D:7)
  2 goblin zombies (D:7)
  A hobgoblin zombie (D:7)
  A kobold zombie (D:7)
  An orc skeleton (D:7)
  4 rats
  A butterfly (D:7)
390 creatures vanquished.

Vanquished Creatures (collateral kills)
  An orc warrior (D:11)
  A wolf (D:7)
  A centaur (D:11)
  An orc wizard (D:11)
  An orc (D:11)
5 creatures vanquished.

Vanquished Creatures (others)
  An orc (D:7)
1 creature vanquished.

Grand Total: 396 creatures vanquished

Notes
Turn   | Place    | Note
-------+----------+-------------------------------------------
     0 | D:1      | GordonOverkill the Mummy Hexslinger began the quest for the
                  | Orb.
     0 | D:1      | Reached XP level 1. HP: 15/15 MP: 2/2
   267 | D:1      | Reached XP level 2. HP: 21/21 MP: 4/4
   520 | D:1      | Reached skill level 2 in Ranged Weapons
   592 | D:1      | Gained mutation: You are in touch with the powers of death.
                  | [Mummy growth]
   592 | D:1      | Reached XP level 3. HP: 26/26 MP: 6/6
  1106 | D:2      | Found Tyolu's Jewellery Shop.
  1166 | D:2      | Reached XP level 4. HP: 22/32 MP: 8/8
  1208 | D:2      | Found Dietreun's Distillery.
  1318 | D:2      | Found an ornate altar of the Wu Jian Council.
  1318 | D:2      | Found Foralien's Assorted Antiques.
  1528 | D:2      | Found Viev's Book Shoppe.
  2111 | D:3      | Reached XP level 5. HP: 37/37 MP: 10/10
  2219 | D:3      | Reached skill level 3 in Ranged Weapons
  3383 | D:5      | Entered Level 5 of the Dungeon
  3432 | D:5      | Noticed a water moccasin
  3439 | D:5      | Killed a water moccasin
  3440 | D:5      | Reached XP level 6. HP: 32/43 MP: 12/12
  3629 | D:5      | Found a shimmering blue altar of Sif Muna.
  3812 | D:5      | Reached skill level 5 in Spellcasting
  3812 | D:5      | Reached XP level 7. HP: 29/48 MP: 14/14
  3891 | D:5      | Reached skill level 1 in Evocations
  3895 | D:5      | Learned a level 3 spell: Portal Projectile
  3920 | D:5      | Reached skill level 4 in Ranged Weapons
  4065 | D:5      | Found an opulent altar of Gozag.
  4428 | D:5      | Reached skill level 5 in Hexes
  4906 | D:5      | Became a worshipper of Gozag Ym Sagoz the Greedy
  5195 | D:5      | Found a shimmering blue altar of Sif Muna.
  5926 | D:6      | Reached XP level 8. HP: 49/54 MP: 6/15
  5938 | D:6      | Noticed a cyclops
  5952 | D:6      | Reached skill level 5 in Ranged Weapons
  5963 | D:6      | Reached skill level 1 in Translocations
  6278 | D:6      | Reached skill level 6 in Ranged Weapons
  6868 | D:6      | Reached XP level 9. HP: 59/59 MP: 16/16
  7001 | D:6      | Killed a cyclops
  7002 | D:6      | Reached skill level 7 in Ranged Weapons
  7092 | D:6      | Reached skill level 5 in Translocations
  7239 | D:6      | Reached skill level 8 in Ranged Weapons
  7834 | D:6      | Reached skill level 9 in Ranged Weapons
  8411 | D:7      | Reached XP level 10. HP: 65/65 MP: 17/17
  8621 | D:7      | Noticed a gargoyle
  8788 | D:7      | Learned a level 4 spell: Cause Fear
  9019 | D:7      | Noticed a manticore
  9232 | D:7      | Reached skill level 10 in Ranged Weapons
  9461 | D:7      | Killed a gargoyle
  9593 | D:7      | Noticed Menkaure
  9597 | D:7      | Killed Menkaure
  9759 | D:7      | Found a staircase to the Ecumenical Temple.
 10056 | D:7      | Identified the +5 flail of Summer {freeze, Fly}
 10297 | D:7      | Killed a manticore
 10386 | D:7      | Learned a level 2 spell: Blink
 10962 | D:8      | Found a staircase to the Lair.
 10984 | D:8      | Noticed Grum
 10992 | D:8      | Killed Grum
 11085 | D:8      | Learned a level 5 spell: Borgnjor's Vile Clutch
 11803 | D:9      | Found a bloodstained altar of Trog.
 11812 | D:9      | Found a flagged portal.
 11842 | Bailey   | Entered a bailey
 12031 | Bailey   | Reached XP level 11. HP: 76/76 MP: 21/21
 12035 | Bailey   | Noticed an orc knight
 12041 | Bailey   | Killed an orc knight
 12042 | Bailey   | Reached skill level 1 in Necromancy
 12106 | Bailey   | Reached skill level 1 in Earth Magic
 12299 | Bailey   | Found a large runed translucent door.
 12299 | Bailey   | Found a large runed translucent door.
 12300 | Bailey   | Noticed a deep elf pyromancer
 12456 | Bailey   | Killed a deep elf pyromancer
 12577 | Bailey   | Identified the +3 spear "Viemecig" {flame, Dex+4}
 12853 | D:9      | Found a sparkling altar of Nemelex Xobeh.
 13474 | D:9      | Noticed Joseph
 13509 | D:9      | Killed Joseph
 13963 | D:9      | Noticed a two-headed ogre
 13975 | D:9      | Killed a two-headed ogre
 14045 | D:10     | Entered Level 10 of the Dungeon
 14275 | D:10     | Found a staircase to the Orcish Mines.
 14379 | D:10     | Noticed an orc knight
 14384 | D:10     | an orc knight changed into a manticore
 14392 | D:10     | Reached skill level 11 in Ranged Weapons
 14859 | D:10     | Found a shimmering altar of Xom.
 15978 | D:11     | Noticed a two-headed ogre
 16551 | D:10     | Found a staircase to the Orcish Mines.
 16879 | D:10     | Found a shimmering altar of Xom.
 17244 | D:10     | Killed a two-headed ogre
 17245 | D:10     | Reached skill level 5 in Necromancy
 17375 | D:10     | Found a staircase to the Orcish Mines.
 17627 | D:10     | Found a shimmering altar of Xom.
 17814 | D:11     | Noticed a boulder beetle
 17825 | D:11     | Noticed a two-headed ogre
 17871 | Orc:1    | Entered Level 1 of the Orcish Mines
 17871 | Orc:1    | Noticed an ettin
 18005 | Lair:1   | Entered Level 1 of the Lair of Beasts
 18265 | Lair:1   | Reached XP level 12. HP: 83/83 MP: 24/24
 18299 | Lair:1   | Noticed Maggie
 18308 | Lair:1   | Killed Maggie
 19063 | Lair:1   | Reached skill level 5 in Earth Magic
 19635 | Lair:2   | Found a gate leading to a gauntlet.
 19959 | Gauntlet | Entered a Gauntlet
 19959 | Gauntlet | Found a transporter.
 19959 | Gauntlet | Found a runed translucent door.
 19960 | Gauntlet | Found a runed translucent door.
 19964 | Gauntlet | Found a transporter.
 19968 | Gauntlet | Found a transporter.
 19974 | Gauntlet | Noticed a death scarab
 19977 | Gauntlet | Found a transporter.
 19980 | Gauntlet | Found a transporter.
 19988 | Gauntlet | Found a transporter.
 19992 | Gauntlet | Found a transporter.
 19999 | Gauntlet | Noticed a hell beast
 20000 | Gauntlet | Found a transporter.
 20004 | Gauntlet | Found a transporter.
 20013 | Gauntlet | Found a transporter.
 20034 | Gauntlet | Found a transporter.
 20046 | Gauntlet | Found a transporter.
 20059 | Gauntlet | Found a transporter.
 20072 | Gauntlet | Found a transporter.
 20103 | Gauntlet | Noticed an ironbound thunderhulk
 20855 | Gauntlet | Identified the +3 leather armour of Quuhyog {Fly Slay+3}
 20925 | Gauntlet | a hell beast changed into a smoke demon
 21255 | Gauntlet | Identified the +8 lajatang "Jompidux" {freeze, rElec Will+
                  | Dex-4}
 21255 | Gauntlet | Noticed a minotaur
 21282 | Gauntlet | Killed a minotaur
 21406 | Lair:2   | Reached skill level 1 in Armour
 21411 | Lair:2   | Reached skill level 12 in Ranged Weapons
 21549 | Lair:2   | Found a staircase to the Snake Pit.
 22151 | Lair:2   | Noticed Prince Ribbit
 22153 | Lair:2   | Killed Prince Ribbit
 22205 | Lair:2   | Noticed Gastronok
 22216 | Lair:2   | Killed Gastronok
 22225 | Lair:2   | Slain by a cane toad

Illustrated notes

Levels and vault maps discovered:
D:1:      dpeg_arrival_signposts, layout_basic
D:2:      layout_basic, serial_shops, shop, shop, nicolae_shop_tiny_waterfront,
          shop, basic_altar, corner_web_ring
D:3:      layout_basic, mainiacjoe_overflow_concentric_impassable
D:4:      layout_basic, minmay_starry_boxes
D:5:      kennysheep_spiral_hall, layout_loops_cross,
          mainiacjoe_overflow_surrounded_room, grunt_gozag_statues, st_stairs_13
D:6:      lemuel_castle_with_subvaults [lemuel_castle_interior_carwin_2],
          layout_basic, kennysheep_generic_room_4
D:7:      minmay_the_grid_octo_triangle [minmay_the_grid_octo_77,
          minmay_the_grid_octo_prize_star, minmay_the_grid_octo_toaster],
          layout_basic, nicolae_tso_besieged_by_evil,
          minmay_temple_entry_butterflies, uniq_menkaure
D:8:      layout_loops_ring, dpeg_oklobed_lair, disabler_island, uniq_grum
D:9:      layout_gridville, amcnicky_altar_gilded, nemelex_diamond_rough_becter,
          enter_bailey_4, uniq_joseph
D:10:     layout_loops_corners, lemuel_coloured_pillars_altar, david_orc_5
D:11:     layout_irregular_city
Lair:1:   layout_regular_city, uniq_maggie
Lair:2:   layout_roguey, minmay_snake_entry_six_corridors,
          gauntlet_entry_generic, serial_bayou_lake_a, serial_bayou_shore_b,
          infiniplex_staircase_pool_2, uniq_gastronok, uniq_prince_ribbit2
Orc:1:    layout_caves, basic_altar

Skill      XL: |  1  2  3  4  5  6  7  8  9 10 11 12 |
---------------+-------------------------------------+-----
Spellcasting   | 2 3 4 5 6 8 |  8.0
Hexes          | 3 4 5 |  5.0
Ranged Weapons | 2 3 4 6 9 10 11 12 | 12.2
Evocations     | 3 |  3.0
Translocations | 4 5 |  5.0
Dodging        | 3 4 |  4.0
Fighting       | 3 4 |  4.0
Necromancy     | 5 8 |  8.4
Earth Magic    | 4 6 |  6.0
Armour         | 2 |  2.4

Action                     |  1- 3 |  4- 6 |  7- 9 | 10-12 || total
---------------------------+-------+-------+-------+-------++-------
  Melee: Short sword       |    21 |       |       |       ||    21
         Dagger            |       |       |       |    70 ||    70
         Punch             |       |       |       |     2 ||     2
   Fire: Sling             |   108 |   167 |   351 |   832 ||  1458
         Arbalest          |       |       |       |   246 ||   246
   Cast: Slow              |     5 |       |    20 |    93 ||   118
         Portal Projectile |       |       |    11 |    19 ||    30
         Blink             |       |       |       |     8 ||     8
         Cause Fear        |       |       |       |     2 ||     2
 Invoke: Potion Petition   |       |       |       |     5 ||     5
  Evoke: Wand              |       |     3 |     7 |    47 ||    57
         Box of beasts     |       |       |       |     4 ||     4
         Phantom mirror    |       |       |       |     2 ||     2
         Phial of floods   |       |       |       |     1 ||     1
    Use: Scroll            |       |       |     5 |    16 ||    21
   Stab: Paralysed         |       |       |       |    52 ||    52
 Armour: Robe              |    38 |    18 |    20 |    94 ||   170
         Steam dragon scal |       |       |       |    86 ||    86
         Leather armour    |       |       |       |    69 ||    69
  Dodge: Dodged            |    60 |    42 |    74 |   429 ||   605

Table legend: (Time is in decaauts)
 A = Elapsed time spent in this place.
 B = Non-inter-level travel time spent in this place.
 C = Inter-level travel time spent in this place.
 D = Time resting spent in this place.
 E = Time spent auto-exploring this place.
 F = Levels seen in this place.
 G = Mean time per level.
                   A        B        C        D        E       F      G
               +--------+--------+--------+--------+--------+-----+--------+
         Total |  22350 |  21368 |    982 |   6612 |   9563 |  16 | 1396.9 |
       Dungeon |  17581 |  16618 |    963 |   4254 |   8493 |  11 | 1598.3 |
          Lair |   2619 |   2601 |     18 |    935 |    885 |   2 | 1309.5 |
  Orcish Mines |      8 |      8 |      0 |      0 |      0 |   1 |    8.0 |
        Bailey |    764 |    764 |      0 |    377 |     70 |   1 |  764.0 |
      Gauntlet |   1377 |   1377 |      0 |   1044 |    115 |   1 | 1377.0 |
               +--------+--------+--------+--------+--------+-----+--------+

Top non-repeatable levels by time:
    D:10: 3086 daAuts
     D:6: 2549 daAuts
     D:5: 2534 daAuts
     D:7: 2198 daAuts
     D:9: 1580 daAuts
  Lair:1: 1512 daAuts
     D:8: 1504 daAuts
Gauntlet: 1377 daAuts
     D:2: 1166 daAuts
  Lair:2: 1106 daAuts
     D:1: 936 daAuts
     D:4: 819 daAuts
  Bailey: 764 daAuts
    D:11: 610 daAuts
     D:3: 594 daAuts
